 Dungeon Crawl Stone Soup version 0.19.1 (webtiles) character file.

449 theElss the Conjurer (level 6, -6/36 HPs)
             Began as a High Elf Conjurer on Nov 24, 2016.
             Was a Follower of Vehumet.
             Mangled by a killer bee (10 damage)
             ... on level 4 of the Dungeon.
             The game lasted 00:12:59 (3535 turns).

theElss the Conjurer (High Elf Conjurer)            Turns: 3535, Time: 00:13:00

Health: -6/36      AC:  5    Str:  7    XL:     6   Next: 74%
Magic:  8/15       EV: 13    Int: 21    God:    Vehumet [*.....]
Gold:   185        SH:  0    Dex: 16    Spells: 4 memorised, 4 levels left

rFire  . . .     SeeInvis .     t - +1 flail (venom)
rCold  . . .     Gourm    .     a - +0 robe
rNeg   . . .     Faith    .     (no shield)
rPois  .         Spirit   .     (no helmet)
rElec  .         Reflect  .     n - +0 cloak
rCorr  .         Harm     .     i - +1 pair of gloves
MR     .....                    (no boots)
Stlth  +.........               (no amulet)
                                (no ring)
                                f - ring of loudness (curse)

@: lethally poisoned (-6 -> -12)
A: no striking features
a: Renounce Religion


You were on level 4 of the Dungeon.
You worshipped Vehumet.
Vehumet was aware of your devotion.
You were not hungry.

You visited 1 branch of the dungeon, and saw 4 of its levels.

You collected 185 gold pieces.

Inventory:

Hand Weapons
 t - a +1 flail of venom (weapon)
Armour
 a - a +0 robe (worn)
 i - a +1 pair of gloves (worn)
 n - a +0 cloak (worn)
Jewellery
 f - a cursed ring of loudness (left hand)
 q - an uncursed ring of ice
Scrolls
 j - a scroll of identify {unknown}
 k - 2 scrolls of magic mapping
 u - a scroll of remove curse {unknown}
Potions
 d - a potion of cancellation {unknown}
 e - a potion of mutation {unknown}
 g - a potion of curing
 l - a potion of agility {unknown}
 m - a potion of brilliance {unknown}
 p - a potion of heal wounds {unknown}
 r - a potion of resistance {unknown}
 s - a potion of haste {unknown}
 v - a potion of lignification {unknown}
Books
 b - a book of Conjurations

   Spells                             Type                      Level
   a - Magic Dart                     Conjuration                  1
   b - Searing Ray                    Conjuration                  2
   c - Dazzling Spray                 Conjuration/Hexes            3
   d - Fulminant Prism                Conjuration/Hexes            4
   e - Iskenderun's Mystic Blast      Conjuration                  4
   f - Iskenderun's Battlesphere      Conjuration/Charms           5
 w - a book of Geomancy

   Spells                             Type                      Level
   a - Sandblast                      Earth                        1
   b - Passwall                       Transmutation/Earth          2
   c - Stone Arrow                    Conjuration/Earth            3
   d - Petrify                        Transmutation/Earth          4
   e - Lee's Rapid Deconstruction     Earth                        5
Comestibles
 c - 2 bread rations
 h - 2 beef jerkies
 o - 3 chunks of flesh


   Skills:
 - Level 2.1 Dodging
 - Level 2.1 Stealth
 + Level 5.7 Spellcasting
 + Level 7.2 Conjurations


You had 4 spell levels left.
You knew the following spells:

 Your Spells              Type           Power        Failure   Level  Hunger
a - Magic Dart            Conj           ####         1%          1    None
b - Iskenderun's Battles  Conj/Chrm      ###.....     67%         5    #####..
c - Searing Ray           Conj           #####.       1%          2    None
d - Iskenderun's Mystic   Conj           #####...     6%          4    ####...


Dungeon Overview and Level Annotations

Branches:
Dungeon (4/15)
 Temple: D:4-7

Altars:
Vehumet

Shops:
D:4 (


Message History

Okay, then.
It was a potion of curing.
You feel better. The killer bee stings you. x2
You are poisoned.
The killer bee poisons you!
Unknown command.
Casting: Searing Ray
Confirm with . or Enter, or press ? or * to list all spells.
Aiming: Searing Ray
Press: ? - help, Shift-Dir - straight line, f/p - killer bee
Aim: a killer bee (severely wounded)
The searing ray hits the killer bee.
The killer bee is almost dead.
You feel sick. The killer bee closely misses you. The killer bee stings you.
* * * LOW HITPOINT WARNING * * *
The searing ray hits the killer bee.
You kill the killer bee!
Vehumet accepts your kill.
* * * LOW HITPOINT WARNING * * *
You feel sick. The killer bee stings you!
You die...

.........##
..........#
..........#
..........## .
...........# ##..
...........# #..#
...........#
###..#
..........y###..#
...^......yy@..##
#.........##...#
##.......###..#
###..#### #..##
#...# ##..#
##..#### #..##
#..##.####..#
##......##..##
#........#...#


You could see 3 killer bees.

Vanquished Creatures
  The ghost of Erac the Conjurer, an amateur HECj (D:3)
  A scorpion (D:3)
  A killer bee (D:4)
  Crazy Yiuf (D:2)
  2 worker ants
  The ghost of dscm the Digger, a weakling OpEE (D:4)
  3 gnolls (D:3)
  3 adders
  2 worms
  4 dart slugs
  3 leopard geckos
  An orc (D:3)
  7 bats
  5 giant cockroaches
  13 goblins
  12 hobgoblins
  4 jackals (D:1)
  2 quokkas (D:2)
  2 ball pythons (D:2)
  2 frilled lizards
  11 kobolds
  9 rats
90 creatures vanquished.

Notes
Turn   | Place    | Note
-------+----------+-------------------------------------------
     0 | D:1      | theElss the High Elf Conjurer began the quest for the Orb.
     0 | D:1      | Reached XP level 1. HP: 11/11 MP: 4/4
   350 | D:1      | Reached XP level 2. HP: 17/17 MP: 2/6
   533 | D:1      | Learned a level 2 spell: Searing Ray
   669 | D:1      | Reached skill level 5 in Conjurations
  1030 | D:1      | Reached XP level 3. HP: 21/21 MP: 6/8
  1973 | D:2      | Reached XP level 4. HP: 27/27 MP: 8/10
  1979 | D:2      | Learned a level 4 spell: Iskenderun's Mystic Blast
  2188 | D:2      | Found a runed door.
  2340 | D:2      | Found a radiant altar of Vehumet.
  2344 | D:2      | Became a worshipper of Vehumet
  2435 | D:2      | Noticed Crazy Yiuf
  2439 | D:2      | Killed Crazy Yiuf
  2529 | D:3      | Reached skill level 6 in Conjurations
  2672 | D:3      | Reached XP level 5. HP: 31/31 MP: 9/12
  2873 | D:3      | Noticed Erac's ghost (amateur HECj)
  2879 | D:3      | Killed Erac's ghost
  2879 | D:3      | Reached skill level 5 in Spellcasting
  2879 | D:3      | Reached XP level 6. HP: 29/36 MP: 2/14
  3182 | D:3      | Reached skill level 7 in Conjurations
  3206 | D:3      | Reached * piety under Vehumet
  3206 | D:3      | Offered knowledge of Shock by Vehumet.
  3213 | D:3      | Learned a level 5 spell: Iskenderun's Battlesphere
  3372 | D:4      | Noticed dscm's ghost (weakling OpEE)
  3379 | D:4      | Killed dscm's ghost
  3444 | D:4      | Found Kotzieb's Weapon Emporium.
  3535 | D:4      | Mangled by a killer bee

Skill      XL: |  1  2  3  4  5  6 |
---------------+-------------------+-----
Conjurations   | 5 6 7 |  7.2
Spellcasting   | 3 4 5 |  5.7
Dodging        | |  2.1
Stealth        | |  2.1

Action                   |  1- 3 |  4- 6 || total
-------------------------+-------+-------++-------
Melee: Club              |    17 |       ||    17
 Cast: Magic Dart        |    94 |    71 ||   165
       Searing Ray       |     3 |    11 ||    14
       Iskenderun's Myst |       |     1 ||     1
  Use: Scroll            |       |     2 ||     2
       Potion            |       |     1 ||     1
  Eat: Chunk             |     3 |     5 ||     8
Armor: Robe              |     5 |     1 ||     6
Dodge: Dodged            |    28 |    21 ||    49
